Map: 로스트 앤 파운드 - 래더

Players

Trap - Winner!

  • Race: Protoss Protoss
  • League: Master
  • Spawn Location: 7:00

soul

  • Race: Terran Terran
  • Spawn Location: 1:00

Event: HomeStory Cup XVIII

VOD

Have the link to the VOD?

Description

Time

  • Played on: Nov. 23, 2018, 10:35 a.m.
  • Length: 11:10

All games in this series

Show
View Real Time Build Order
Export as new Build Order

Trap Protoss - Winner!

Build Orders: 1 Gate Expand, Blink Stalkers, Chargelot Immortal 

Get SALT Encoding   

  12  0:00  Probe  
  13  0:12  Probe  
  14  0:17  Pylon  
  14  0:24  Probe  
  15  0:32  Probe  
  15  0:38  Gateway  
  15  0:40  Probe  
  16  0:46  Assimilator  
  17  0:51  Probe  
  18  1:03  Probe  
  19  1:15  Probe  
  19  1:17  Assimilator  
  20  1:27  Nexus  
  20  1:37  Cybernetics Core  
  20  1:41  Probe  
  21  1:49  Pylon  
  21  1:53  Probe  
  22  2:04  Stalker  
  22  2:05  Probe  
  23  2:14  Warp Gate  
  25  2:17  Probe  
  26  2:28  Robotics Facility  
  26  2:29  Probe  
  27  2:34  Stalker  
  27  2:36  Probe  
  29  2:38  Probe  
  29  2:44  Probe  
  31  2:46  Probe  
  33  2:54  Probe  
  33  2:56  Probe  
  34  3:02  Twilight Council  
  35  3:07  Probe  
  35  3:08  Observer, Probe  
  35  3:12  Stalker  
  39  3:19  Probe  
  41  3:20  Probe  
  41  3:22  Pylon  
  42  3:27  Observer  
  42  3:31  Probe  
  42  3:32  Probe  
  45  3:36  Blink  
  45  3:43  Probe  
  45  3:44  Probe  
  45  3:45  Gateway  
  45  3:48  Gateway  
  47  3:55  Probe  
  47  3:56  Probe  
  47  4:02  Pylon  
  51  4:08  Probe x2  
  51  4:09  Observer  
  52  4:17  Stalker  
  52  4:22  Nexus  
  52  4:23  Pylon, Probe  
  52  4:24  Probe  
  56  4:31  Assimilator  
  56  4:32  Assimilator  
  56  4:36  Probe x2  
  58  4:38  Forge  
  58  4:41  Observer  
  58  4:48  Probe x2  
  60  4:53  Pylon  
  60  4:58  Protoss Ground Weapons Level 1, Templar Archives  
  60  5:00  Probe  
  60  5:01  Probe  
  62  5:10  Gateway  
  62  5:13  Gateway  
  62  5:15  Gateway  
  62  5:17  Stalker x3  
  62  5:19  Psionic Storm  
  68  5:28  Probe x2  
  70  5:35  Pylon  
  70  5:40  Probe x2  
  70  5:41  Probe  
  73  5:47  Gateway  
  73  5:52  Gateway, Observer, Probe  
  73  5:53  Probe x2  
  76  5:58  High Templar  
  76  6:02  Zealot  
  76  6:03  Pylon  
  80  6:05  Probe x3  
  80  6:06  Pylon  
  80  6:08  High Templar  
  85  6:12  Assimilator x2  
  85  6:14  Pylon  
  85  6:16  Observer  
  85  6:17  Probe x3  
  88  6:18  Observer  
  88  6:20  Pylon  
  88  6:26  Zealot, Sentry  
  88  6:27  Zealot x2  
  88  6:29  Protoss Ground Armor Level 1, Probe  
  88  6:30  Probe x2  
  88  6:32  Immortal  
  101  6:41  Zealot x3  
  107  6:47  Pylon  
  107  6:59  Forge  
  106  7:02  High Templar  
  106  7:05  Photon Cannon, High Templar  
  106  7:08  Zealot, Immortal  
  112  7:09  Charge  
  112  7:11  Zealot, Stalker  
  112  7:12  Zealot x2, Stalker  
  126  7:31  Pylon  
  126  7:33  Pylon  
  122  7:40  Stalker x7  
  122  7:43  Protoss Ground Weapons Level 2, Immortal  
  136  7:45  Zealot  
  132  8:05  Stalker x6  
  128  8:18  Protoss Ground Armor Level 2, Warp Prism  
  126  8:31  Zealot x5  
  126  8:32  Zealot x3  
  142  8:46  Nexus  
  142  8:48  Pylon  
  142  8:52  Immortal  
  145  9:04  Pylon  
  145  9:08  Pylon  
  143  9:12  High Templar x3  
  143  9:15  Zealot x5  
  149  9:24  Immortal  
  146  9:39  Zealot x4  
  146  9:40  Zealot  
  146  9:44  Zealot x3  
  160  9:57  Archon  
  155  10:06  Immortal  
  149  10:12  Zealot x8  
  163  10:28  Robotics Bay  
  161  10:29  Robotics Facility  
  161  10:31  Probe x3  
  161  10:32  Probe  
  165  10:37  High Templar  
  165  10:38  High Templar x3, Zealot x4  
  159  11:05  Zealot x3  
  159  11:06  Zealot  
Show
View Real Time Build Order
Export as new Build Order

soul Terran 

Build Orders: Command Center First (CC) 

Get SALT Encoding   

  12  0:00  SCV  
  13  0:12  SCV  
  14  0:17  Supply Depot  
  14  0:24  SCV  
  15  0:39  SCV  
  16  0:51  SCV  
  17  0:59  Command Center  
  17  1:03  SCV  
  18  1:14  Barracks  
  18  1:17  SCV  
  19  1:28  Barracks  
  19  1:32  SCV  
  20  1:44  SCV  
  21  1:59  Refinery  
  22  2:02  Marine  
  22  2:03  Orbital Command  
  22  2:12  Orbital Command  
  22  2:15  Marine  
  23  2:19  Marine  
  24  2:23  Bunker  
  24  2:30  Supply Depot  
  24  2:31  SCV  
  24  2:33  Marine  
  26  2:38  SCV  
  26  2:43  Barracks Reactor  
  28  2:44  SCV  
  28  2:50  Supply Depot, SCV  
  29  2:51  Barracks Tech Lab  
  29  2:56  SCV  
  30  3:02  SCV  
  31  3:06  Command Center  
  31  3:09  SCV  
  31  3:12  Marine  
  33  3:14  SCV  
  33  3:18  Engineering Bay  
  34  3:21  Marine, SCV  
  34  3:23  Marine  
  37  3:28  Stimpack  
  37  3:29  SCV  
  37  3:32  Marine  
  37  3:33  SCV  
  40  3:39  Marine  
  40  3:40  Refinery  
  41  3:41  SCV  
  41  3:43  Marine  
  41  3:45  SCV  
  44  3:49  Missile Turret  
  44  3:50  Marine  
  44  3:53  SCV  
  46  3:57  Barracks  
  46  4:02  Supply Depot  
  46  4:09  Factory  
  46  4:17  Supply Depot  
  46  4:18  Supply Depot, Marine x3, SCV x2  
  46  4:20  Orbital Command  
  51  4:30  SCV  
  52  4:33  SCV  
  52  4:34  Barracks  
  52  4:35  Marine, Barracks  
  52  4:37  Refinery  
  54  4:42  SCV  
  54  4:44  Terran Infantry Weapons Level 1  
  54  4:45  SCV, Barracks Tech Lab  
  56  4:47  SCV  
  56  4:52  Marine  
  60  4:53  Marauder  
  60  4:54  SCV  
  60  4:56  Supply Depot  
  61  5:01  Starport  
  61  5:02  Factory Reactor  
  61  5:08  Refinery  
  61  5:11  Marine, Marauder  
  61  5:12  SCV  
  65  5:15  SCV x2  
  65  5:18  Supply Depot, Marauder  
  65  5:20  Marine  
  69  5:24  Barracks Tech Lab  
  69  5:25  Barracks Reactor  
  69  5:32  Marauder  
  69  5:33  Supply Depot  
  71  5:39  Concussive Shells  
  71  5:40  Marauder  
  73  5:42  Supply Depot  
  73  5:43  Supply Depot  
  73  5:45  SCV x2  
  73  5:47  Factory Reactor  
  75  5:51  Marine x3, Medivac  
  75  5:54  Marauder  
  82  5:57  SCV x2  
  82  6:01  Medivac  
  82  6:02  Marine  
  82  6:03  Marauder  
  88  6:09  Marauder  
  91  6:17  Marine, Marauder  
  94  6:19  Marine  
  94  6:20  Marine  
  94  6:21  Medivac  
  94  6:22  Marine  
  94  6:24  Marauder  
  98  6:26  Orbital Command  
  98  6:31  Marauder, Medivac  
  102  6:35  Marine  
  102  6:37  Marine  
  102  6:38  Marine x2  
  104  6:40  Supply Depot  
  104  6:41  Marine  
  104  6:44  Widow Mine  
  104  6:46  Marauder  
  109  6:48  Widow Mine  
  109  6:52  Marauder  
  113  6:56  Marauder  
  115  7:01  Marine  
  115  7:04  Marine  
  115  7:05  Widow Mine  
  115  7:06  Marine x2  
  115  7:07  Marauder  
  123  7:09  Widow Mine  
  123  7:13  Supply Depot  
  123  7:14  Supply Depot, Marauder  
  127  7:16  Medivac  
  127  7:17  Marine  
  127  7:18  Medivac  
  131  7:30  Widow Mine  
  131  7:35  Widow Mine, Marine x2, Marauder  
  139  7:39  Supply Depot  
  137  7:46  Medivac  
  137  7:48  Medivac  
  126  7:52  Widow Mine  
  126  7:57  Widow Mine, Marine x7  
  119  8:09  Ghost Academy, SCV x3  
  122  8:13  Widow Mine  
  122  8:16  Marine, Marauder x3  
  122  8:18  Widow Mine  
  125  8:21  SCV  
  121  8:27  SCV  
  121  8:33  SCV  
  122  8:38  SCV  
  122  8:39  Ghost x2, SCV  
  122  8:40  Ghost  
  122  8:41  Marine x2  
  124  8:45  SCV  
  124  8:47  Widow Mine  
  127  8:50  SCV  
  127  8:51  SCV  
  129  8:57  SCV  
  129  8:58  Widow Mine, Marine x2  
  129  9:02  SCV  
  133  9:15  Medivac  
  133  9:16  Ghost  
  133  9:17  Ghost, Marine x5  
  125  9:19  Widow Mine  
  125  9:21  SCV  
  125  9:22  SCV  
  138  9:25  Combat Shield  
  138  9:30  Widow Mine  
  140  9:35  Marine x5  
  145  9:46  Marauder x2  
  145  9:49  Supply Depot  
  140  9:56  Widow Mine  
  140  9:58  Medivac  
  134  10:09  Ghost  
  134  10:12  Marine x6, Refinery  
  134  10:14  Refinery  
  133  10:15  SCV  
  133  10:20  Widow Mine  
  136  10:22  Widow Mine  
  136  10:25  SCV  
  139  10:29  Marine  
  139  10:30  Marine x2  
  139  10:31  Marauder, Marine x2  
  139  10:34  Armory  
  146  10:38  Engineering Bay, Marine  
  146  10:41  Widow Mine  
  145  10:43  Widow Mine  
  145  10:44  Orbital Command  
  145  10:47  Marine x3  
  145  10:49  Marine  
Tags
 
Add a new tag
Caveats
  • Supply blocks, unpowered buildings, or Contaminate may cause inaccurate times.
  • Supply counts are checked every 10 seconds.